 Dungeon Crawl Stone Soup version 0.31.0-12-g77e489cdc1 (webtiles) character file.

Game seed: 8743782748345644814

25 Gadfly the Trooper (level 2, 0/24 HPs)
             Began as a Demonspawn Monk on Feb 23, 2024.
             Slain by a ball python (2 damage)
             ... on level 2 of the Dungeon.
             The game lasted 00:00:59 (692 turns).

Gadfly the Trooper (Demonspawn Monk)                 Turns: 692, Time: 00:01:00

Health: 0/24       AC:  2    Str: 17    XL:     2   Next: 82%
Magic:  2/2        EV: 10    Int: 10    God:
Gold:   52         SH:  0    Dex: 15    Spells: 1/1 levels left

rFire   . .          .
                       - Unarmed
rCold   . . .        c - orb {light}
rNeg    . . .        a - +0 robe
rPois   .            (no helmet)
rElec   .            (no cloak)
rCorr   .            (no gloves)
SInv    .            (no boots)
Will    .....        (no amulet)
Stlth   +            d - +6 ring of strength
HPRegen 0.24/turn    (no ring)
MPRegen 0.08/turn

%: no passive effects
@: confused, ambrosia-drunk, glowing, constricted
A: powered by death 1
a: no special abilities


You were on level 2 of the Dungeon.
You visited 1 branch of the dungeon, and saw 2 of its levels.

You collected 52 gold pieces.

Inventory:

Armour
 a - a +0 robe (worn)
 c - an orb of light (worn)
Jewellery
 d - a +6 ring of strength (left hand)
Potions
 e - 2 potions of heal wounds {unknown}
 f - a potion of cancellation {unknown}
 g - a potion of magic {unknown}


   Skills:
 - Level 3.0 Fighting
 + Level 2.9 Dodging
 + Level 2.8 Unarmed Combat
 * Level 1.1 Evocations
 * Level 1.2 Shapeshifting


You had one spell level left.
You didn't know any spells.
Your spell library contained the following spells:

 Spells                   Type           Power      Damage    Failure   Level
 Summon Ice Beast         Ice/Summ       0%         N/A       75%         3
 Summon Mana Viper        Hex/Summ       0%         N/A       100%        5
 Monstrous Menagerie      Summ           0%         N/A       100%        7


Dungeon Overview and Level Annotations

Branches:
Dungeon (2/15)

Altars:


Innate Abilities, Weirdness & Mutations

You regenerate a little health from kills.


Message History

The jackal bites you. The giant cockroach barely misses you.
The giant cockroach bites you but does no damage.
You hit the jackal.
You kill the jackal!
The jackal closely misses you.
The hobgoblin hits you but does no damage.
The giant cockroach misses you. The giant cockroach closely misses you.
The jackal bites you.
You hit the ball python but do no damage.
The jackal bites you but does no damage.
The ball python closely misses you. The ball python grabs you.
The ball python constricts you. The hobgoblin hits you.
The giant cockroach barely misses you. The jackal barely misses you.
The giant cockroach bites you. The jackal closely misses you.
You hit the ball python.
The ball python is moderately wounded.
The ball python bites you. The ball python constricts you.
The giant cockroach barely misses you. The jackal bites you.
The hobgoblin hits you. The jackal bites you. The giant cockroach bites you.
The ball python bites you.
* * * LOW HITPOINT WARNING * * *
The ball python constricts you.
You hit the giant cockroach.
The giant cockroach is almost dead.
The jackal barely misses you. The giant cockroach bites you.
* * * LOW HITPOINT WARNING * * *
The jackal misses you. The hobgoblin hits you.
* * * LOW HITPOINT WARNING * * *
The giant cockroach completely misses you.
The ball python barely misses you. The ball python constricts you.
* * * LOW HITPOINT WARNING * * *
The jackal barely misses you.
You are confused.
You feel invigorated. The jackal bites you.
* * * LOW HITPOINT WARNING * * *
The giant cockroach misses you. The giant cockroach bites you.
* * * LOW HITPOINT WARNING * * *
The hobgoblin completely misses you. The jackal closely misses you.
The ball python bites you.
You die...

#.......### ..?.......
.......... #........
+........ ... #......h#
#......
#.....SB########......
#.....h@B.............
#.....gh#.....##.....
........#..........#
........#..........# #
........#..........# #
........#.##.......#####
........#.##)..........#
........#.##....######.#
#.##....# #.#


You could see 3 jackals, 2 giant cockroaches, a hobgoblin and a ball python.

Vanquished Creatures
  A dart slug (D:1)
  An endoplasm (D:2)
  2 giant cockroaches
  A goblin (D:1)
  A hobgoblin (D:1)
  5 jackals
  3 kobolds (D:1)
  A quokka (D:1)
  2 ball pythons
  3 bats (D:1)
  A rat (D:1)
21 creatures vanquished.

Notes
Turn   | Place    | Note
-------+----------+-------------------------------------------
     0 | D:1      | Gadfly the Demonspawn Monk began the quest for the Orb.
     0 | D:1      | Reached XP level 1. HP: 18/18 MP: 1/1
   127 | D:1      | Gained mutation: You regenerate a little health from kills.
                  | [demonic ancestry]
   127 | D:1      | Reached XP level 2. HP: 22/24 MP: 2/2
   377 | D:1      | Reached skill level 1 in Evocations
   377 | D:1      | Reached skill level 1 in Shapeshifting
   691 | D:2      | HP: 1/24 [constriction (1)]
   692 | D:2      | Slain by a ball python

Illustrated notes

Levels and vault maps discovered:
D:1:      nzn_arrival_crosshair, layout_rooms, skrybe_limestone_x,
          amethyst_killhole
D:2:      layout_basic, ebering_ecumenical_altar_mist, uniq_sigmund

Skill      XL: |  1  2 |
---------------+-------+-----
Evocations     | 1 |  1.1
Shapeshifting  | 1 |  1.2
Fighting       | |  3.0
Dodging        | |  2.9
Unarmed Combat | |  2.8

Action                     || total
---------------------------++-------
  Melee: Unarmed           ||    90
    Use: Scroll            ||     2
         Potion            ||     1
 Armour: Robe              ||    72
  Dodge: Dodged            ||   121
